 Dungeon Crawl Stone Soup version 0.27-a0-720-g3f424a255b (webtiles) character file.

Game seed: 15131815859379701333

465 PentaManta the Sneak (level 6, -4/32 HPs)
             Began as a Spriggan Abyssal Knight on Mar 23, 2021.
             Was a Priest of Lugonu.
             Killed by divine providence
             ... invoked by an orc priest
              (13 damage)
             ... on level 4 of the Dungeon.
             The game lasted 00:10:37 (5549 turns).

PentaManta the Sneak (Spriggan Abyssal Knight)      Turns: 5549, Time: 00:10:37

Health: -4/32      AC:  3    Str:  8    XL:     6   Next: 80%
Magic:  8/8        EV: 19    Int: 14    God:    Lugonu [***...]
Gold:   171        SH:  0    Dex: 16    Spells: 5/5 levels left

rFire    . . .     SeeInvis +   f - +1 dagger (venom)
rCold    . . .     Faith    .   (shield restricted)
rNeg     . . .     Spirit   .   b - +0 robe
rPois    .         Reflect  .   (helmet restricted)
rElec    .         Harm     .   s - +0 cloak
rCorr    .         Rampage  .   (gloves unavailable)
Will     +....                  (boots unavailable)
Stlth    ++++......             (no amulet)
HPRegen  0.10/turn              (no ring)
MPRegen  0.11/turn              (no ring)

@: very quick
A: very small, no large weapons, unfitting armour, see invisible, speed 3
a: Renounce Religion, Depart the Abyss, Bend Space, Banish


You were on level 4 of the Dungeon.
You worshipped Lugonu.
Lugonu was most pleased with you.
You visited 1 branch of the dungeon, and saw 4 of its levels.
You visited the Abyss 1 time.

You collected 171 gold pieces.

Inventory:

Hand Weapons
 a - a +1 short sword
 f - a +1 dagger of venom (weapon)
 l - a +0 hunting sling
 t - a +2 mace of distortion
 x - a +0 long sword
Missiles
 e - 68 stones
 m - 142 sling bullets
Armour
 b - a +0 robe (worn)
 s - a +0 cloak (worn)
Jewellery
 p - a ring of ice
Wands
 n - a wand of iceblast (11)
 r - a wand of flame (13) (quivered)
Scrolls
 c - 4 scrolls of identify {unknown}
 g - a scroll of blinking {unknown}
 h - a scroll of summoning {unknown}
 i - 4 scrolls of teleportation {unknown}
 o - a scroll of enchant armour {unknown}
Potions
 d - a potion of haste {unknown}
 j - a potion of heal wounds {unknown}
 k - 2 potions of brilliance {unknown}
 q - a potion of curing {unknown}
 u - 2 potions of might {unknown}
 v - a potion of berserk rage {unknown}
 w - a potion of flight {unknown}


   Skills:
 + Level 3.5 Fighting
 + Level 4.0 Short Blades
 + Level 5.1 Dodging
 * Level 6.9 Stealth
 - Level 1.7 Invocations


You had 5 spell levels left.
You didn't know any spells.
Your spell library contained the following spells:

 Spells                   Type           Power      Damage    Failure   Level
 Summon Small Mammal      Summ           0%         N/A       28%         1
 Call Imp                 Summ           0%         N/A       41%         2
 Call Canine Familiar     Summ           0%         N/A       65%         3
 Summon Guardian Golem    Hex/Summ       0%         N/A       65%         3
 Summon Ice Beast         Ice/Summ       0%         N/A       96%         4
 Summon Lightning Spire   Summ/Air       0%         N/A       96%         4


Dungeon Overview and Level Annotations

Branches:
Dungeon (4/15)
 Temple: D:4-7

Altars:
Dithmenos
Kikubaaqudgha


Innate Abilities, Weirdness & Mutations

You are very small and have problems with some larger weapons.
You are too small for most types of armour.
You have supernaturally acute eyesight. (SInv)
You cover ground extremely quickly. (Speed+++)


Message History

There are monsters nearby!
Found a long sword.
You see here a +0 long sword.
x - a +0 long sword You swing at nothing.
An orc priest comes into view. It is wielding a +0 trident.
An orc comes into view. It is wielding a +0 mace.
The orc priest shouts!
The orc wizard shouts!
The orc priest shouts!
Found a paperback book.
Press: ? - help, v - describe, . - travel
Here: an orc priest, wielding a +0 trident The floor.
Press: ? - help, v - describe, . - travel
Here: an orc priest, wielding a +0 trident The floor.
You start waiting.
An orc priest is nearby!
You start waiting.
An orc priest is nearby!
The orc priest calls down the wrath of Beogh upon you.
Beogh smites you!
You closely miss the orc priest.
The orc priest looks satisfied for a moment.
You hit the orc priest.
The orc priest is lightly wounded.
The orc priest completely misses you.
You hit the orc priest.
The orc priest is moderately wounded.
You hit the orc priest.
The orc priest is moderately wounded.
The orc priest hits you with a +0 trident.
You barely miss the orc priest.
The orc priest is moderately wounded.
The orc priest hits you with a +0 trident!
* * * LOW HITPOINT WARNING * * *
You closely miss the orc priest.
The orc priest is moderately wounded.
The orc priest calls down the wrath of Beogh upon you.
Beogh smites you!
You die...

#..)...#.........#
###.#.############
#........#
#..#.###.# #..#.#
#..# # #..#
#..#####.#
#.@......#
#o######## #.# #.#
#.# #.#########
#.........##
#..###.....#
#....#.##..#


You could see an orc priest.

Vanquished Creatures
  An ogre (D:4)
  A hound (D:4)
  Crazy Yiuf (D:3)
  Jessica (D:3)
  Ijyb (D:3)
  Terence (D:2)
  An iguana (D:4)
  2 worker ants (D:4)
  A hound skeleton (D:2)
  5 adders
  An adder skeleton (D:4)
  3 worms (D:2)
  2 dart slugs
  12 orcs
  2 giant cockroaches
  5 goblins
  9 hobgoblins
  11 oozes
  3 quokkas
  7 ball pythons
  3 bats
  5 frilled lizards
  7 kobolds
  10 rats
95 creatures vanquished.

Notes
Turn   | Place    | Note
-------+----------+-------------------------------------------
     0 | Abyss:1  | PentaManta the Spriggan Abyssal Knight began the quest for
                  | the Orb.
     0 | Abyss:1  | Reached XP level 1. HP: 11/11 MP: 3/3
    54 | Abyss:1  | Noticed a frost giant skeleton
    58 | Abyss:1  | Noticed a fire bat
    60 | Abyss:1  | Noticed an ancient zyme
    61 | D:1      | Escaped the Abyss
   251 | D:2      | Reached skill level 2 in Stealth
   251 | D:2      | Reached XP level 2. HP: 9/16 MP: 4/4
   419 | D:1      | Reached * piety under Lugonu
   691 | D:1      | Reached XP level 3. HP: 16/19 MP: 5/5
   723 | D:1      | Reached skill level 3 in Stealth
  1719 | D:2      | Reached XP level 4. HP: 23/23 MP: 6/6
  1884 | D:2      | Reached ** piety under Lugonu
  2120 | D:2      | Reached skill level 4 in Stealth
  2678 | D:3      | Noticed Terence
  2928 | D:2      | Killed Terence
  2929 | D:2      | Reached XP level 5. HP: 6/28 MP: 7/7
  3230 | D:3      | Noticed Ijyb
  3416 | D:3      | Killed Ijyb
  3417 | D:3      | Reached skill level 5 in Stealth
  3840 | D:3      | Found a runed translucent door.
  3841 | D:3      | Noticed Crazy Yiuf
  3858 | D:3      | Killed Crazy Yiuf
  4052 | D:3      | Noticed Jessica
  4065 | D:3      | Killed Jessica
  4522 | D:4      | Reached XP level 6. HP: 32/32 MP: 8/8
  4534 | D:4      | Reached skill level 6 in Stealth
  4619 | D:4      | Reached *** piety under Lugonu
  4878 | D:4      | Reached skill level 5 in Dodging
  5101 | D:4      | Found an ancient bone altar of Kikubaaqudgha.
  5101 | D:4      | Found a shadowy altar of Dithmenos.
  5549 | D:4      | Killed from afar by an orc priest

Illustrated notes

Levels and vault maps discovered:
D:1:      lightli_arrival_quake, layout_loops_ring, supply_closet_lemuel,
          minmay_vboxes
D:2:      layout_basic, minmay_misc_feat_five
D:3:      layout_loops_ring, chequers_avenue, uniq_crazy_yiuf_cottage,
          uniq_jessica, uniq_ijyb, uniq_terence
D:4:      layout_basic, gammafunk_temple_overflow_wave

Skill      XL: |  1  2  3  4  5  6 |
---------------+-------------------+-----
Stealth        | 2 3 4 5 6 |  6.9
Dodging        | 4 5 |  5.1
Short Blades   | 3 4 |  4.0
Fighting       | 3 |  3.5
Invocations    | |  1.7

Action                   |  1- 3 |  4- 6 || total
-------------------------+-------+-------++-------
Melee: Short sword       |    20 |       ||    20
       Dagger            |    97 |   192 ||   289
Throw: Stone             |    10 |     2 ||    12
Invok: Depart the Abyss  |     1 |       ||     1
Evoke: Wand              |       |     4 ||     4
 Stab: Sleeping          |     3 |    15 ||    18
       Distracted        |     1 |     1 ||     2
Armor: Robe              |    10 |     5 ||    15
Dodge: Dodged            |    70 |   110 ||   180

Table legend: (Time is in decaauts)
 A = Elapsed time spent in this place.
 B = Non-inter-level travel time spent in this place.
 C = Inter-level travel time spent in this place.
 D = Time resting spent in this place.
 E = Time spent auto-exploring this place.
 F = Levels seen in this place.
 G = Mean time per level.
                   A        B        C        D        E       F      G
               +--------+--------+--------+--------+--------+-----+--------+
         Total |   4386 |   4271 |    115 |    997 |   2567 |   5 |  877.2 |
       Dungeon |   4349 |   4234 |    115 |    997 |   2564 |   4 | 1087.2 |
         Abyss |     37 |     37 |      0 |      0 |      3 |   1 |   37.0 |
               +--------+--------+--------+--------+--------+-----+--------+

Top non-repeatable levels by time:
     D:2: 1290 daAuts
     D:1: 1124 daAuts
     D:3: 1023 daAuts
     D:4: 910 daAuts
 Abyss:1: 37 daAuts
